Map: Abiogenesis LE

Players

IllIIIllIIIl

  • Race: Terran Terran
  • Spawn Location: 5:00

A.I. 1 (Very Easy) - Winner!

  • Race: Protoss Protoss
  • Spawn Location: 11:00

VOD

Have the link to the VOD?

Description

Time

  • Played on: Feb. 5, 2018, 9:35 a.m.
  • Length: 8:16
Show
View Real Time Build Order
Export as new Build Order

IllIIIllIIIl Terran 

Build Orders: Reaper Expand, MMM Bio 

Get SALT Encoding   

  12  0:00  SCV  
  13  0:13  SCV  
  14  0:17  Supply Depot  
  14  0:25  SCV  
  15  0:38  SCV  
  15  0:39  Barracks  
  16  0:44  Refinery  
  16  0:51  SCV  
  17  1:03  SCV  
  18  1:15  SCV  
  19  1:28  Reaper, Orbital Command  
  20  1:43  Command Center  
  20  1:54  SCV  
  20  2:01  Barracks  
  21  2:04  Barracks Reactor  
  21  2:06  SCV  
  22  2:11  Supply Depot  
  22  2:18  SCV  
  23  2:24  Barracks  
  23  2:32  SCV  
  23  2:36  Bunker  
  24  2:41  Marine x2  
  26  2:44  SCV  
  26  2:49  Engineering Bay  
  27  2:51  Barracks Tech Lab  
  27  2:56  Orbital Command  
  27  3:00  SCV  
  27  3:04  Marine  
  29  3:07  Marine  
  29  3:12  SCV  
  31  3:17  Stimpack  
  31  3:18  Barracks Tech Lab  
  31  3:23  SCV  
  31  3:24  SCV  
  31  3:25  Marine  
  31  3:26  Marine  
  35  3:27  Marine  
  36  3:35  SCV  
  36  3:36  SCV  
  36  3:39  Marine  
  39  3:43  Marine x2, Combat Shields  
  39  3:45  Marine  
  42  3:55  Factory  
  42  3:58  Refinery  
  42  4:00  SCV x2  
  42  4:02  Supply Depot  
  44  4:05  Marine x2  
  46  4:11  Supply Depot  
  46  4:23  Marine x2, SCV x2  
  50  4:27  Terran Infantry Weapons Level 1  
  50  4:31  Refinery  
  50  4:35  Marine, SCV x2  
  50  4:36  Marine  
  54  4:41  Marine x2  
  56  4:45  Supply Depot  
  56  4:46  Starport  
  56  4:50  SCV x2  
  58  4:53  Marine x2  
  58  4:54  Factory Reactor  
  58  4:59  Marine x2  
  62  5:00  Supply Depot  
  62  5:07  SCV x2  
  62  5:11  Marine x2  
  62  5:12  Supply Depot  
  66  5:16  Marine x2  
  68  5:24  Barracks x2  
  68  5:29  Marine x2, SCV x2  
  68  5:34  Marine  
  73  5:36  Factory Tech Lab, Medivac x2  
  73  5:41  SCV x2  
  79  5:45  Supply Depot  
  79  5:46  Supply Depot  
  79  5:48  Marine  
  79  5:49  Marine  
  81  5:56  Concussive Shells, Marauder x2  
  84  6:04  Supply Depot  
  84  6:06  Siege Tank  
  84  6:10  Refinery  
  88  6:15  Medivac  
  88  6:16  Marine x2  
  88  6:17  Marine x2  
  93  6:21  Terran Infantry Armor Level 1, Marauder  
  93  6:22  Marauder  
  97  6:27  Supply Depot  
  97  6:30  Supply Depot  
  97  6:36  Medivac  
  99  6:40  Marine  
  99  6:41  Marine x3, Supply Depot  
  99  6:42  Marine  
  99  6:43  Marine  
  99  6:45  Siege Tank  
  108  6:52  Supply Depot  
  108  6:54  Medivac  
  108  6:59  Marine x3  
  108  7:00  Marine, Marauder  
  116  7:02  Marauder  
  116  7:05  Supply Depot  
  116  7:06  Supply Depot  
  118  7:16  Medivac  
  118  7:17  Marine x4  
  118  7:20  Siege Tank  
  118  7:21  Marine  
  128  7:22  Marine  
  129  7:35  Marine x4  
  133  7:39  Marauder  
  133  7:41  Marauder  
  137  7:45  Medivac  
  139  7:52  Marine  
  139  7:53  Marine x3  
Show
View Real Time Build Order
Export as new Build Order

A.I. 1 (Very Easy) Protoss - Winner!

Build Orders:  

Get SALT Encoding   

  12  0:00  Probe  
  13  0:13  Probe  
  14  0:19  Pylon  
  14  0:36  Assimilator  
  14  0:42  Gateway  
  14  0:45  Pylon  
  14  1:16  Assimilator  
  14  1:28  Probe  
  14  1:31  Zealot  
  17  1:32  Cybernetics Core  
  17  1:40  Probe  
  18  1:52  Probe  
  19  2:04  Probe  
  20  2:09  Warp Gate  
  20  2:16  Probe  
  21  2:28  Probe  
  22  2:37  Stalker  
  24  6:58  Probe  
  24  6:59  Adept, Pylon  
  27  7:02  Robotics Facility  
  27  7:06  Nexus  
  27  7:10  Probe  
  28  7:22  Probe  
  25  7:34  Probe  
  26  7:39  Pylon  
  26  7:46  Probe  
  26  7:49  Observer  
  28  7:55  Stalker  
  26  8:07  Pylon  
Tags
 
Composition
MMM Bio
Matchup
PvT
Spawn Locations
Cross Positions
Add a new tag
Caveats
  • Supply blocks, unpowered buildings, or Contaminate may cause inaccurate times.
  • Supply counts are checked every 10 seconds.